 Dungeon Crawl Stone Soup version 0.26-a0-662-g8b9c6dab81 (webtiles) character file.

Game seed: 2636973454159912166

1116 oldriver the Cudgeler (level 8, 0/49 HPs)
             Began as a Gargoyle Fighter on Oct 9, 2020.
             Was a Follower of Makhleb.
             Killed by divine providence
             ... invoked by an orc priest
              (16 damage)
             ... on level 6 of the Dungeon.
             The game lasted 00:04:16 (5086 turns).

oldriver the Cudgeler (Gargoyle Fighter)            Turns: 5086, Time: 00:04:46

Health: 0/49       AC: 21    Str: 20    XL:     8   Next: 34%
Magic:  17/17      EV:  6    Int:  9    God:    Makhleb [*.....]
Gold:   415        SH: 10    Dex: 11    Spells: 7/7 levels left

rFire    . . .     SeeInvis +   a - +0 flail
rCold    . . .     Faith    .   c - +0 kite shield
rNeg     + . .     Spirit   .   s - +5 chain mail "Ituiw" {Slay+3 SInv}
rPois    ∞         Reflect  .   j - +0 helmet
rElec    +         Harm     .   (no cloak)
rCorr    .         Rampage  .   (no gloves)
MR       .....                  (no boots)
Stlth    ..........             z - amulet of the acrobat (curse)
HPRegen  0.16/turn              l - ring of magical power
MPRegen  0.15/turn              (no ring)

@: no status effects
A: negative energy resistance 1, electricity resistance, unbreathing,
petrification resistance, rot immunity, AC +5
a: Renounce Religion


You were on level 6 of the Dungeon.
You worshipped Makhleb.
Makhleb was aware of your devotion.
You visited 1 branch of the dungeon, and saw 6 of its levels.

You collected 415 gold pieces.

Inventory:

Hand Weapons
 a - a +0 flail (weapon)
Armour
 c - a +0 kite shield (worn)
 j - a +0 helmet (worn)
 s - the +5 chain mail "Ituiw" (worn) {Slay+3 SInv}
   (You found it on level 4 of the Dungeon)

   It affects your accuracy and damage with ranged weapons and melee attacks
   (+3).
   It lets you see invisible.
Jewellery
 l - a ring of magical power (left hand)
 q - an uncursed amulet of regeneration {unknown}
 z - a cursed amulet of the acrobat (around neck)
Wands
 u - a wand of enslavement (6)
 C - a wand of iceblast (5)
Scrolls
 b - a scroll of fog {unknown}
 e - a scroll of enchant weapon {unknown}
 f - 4 scrolls of magic mapping {unknown}
 h - 2 scrolls of noise {unknown}
 i - 7 scrolls of identify {unknown}
 m - a scroll of immolation {unknown}
 r - a scroll of random uselessness {unknown}
 w - 2 scrolls of amnesia {unknown}
 x - 2 scrolls of enchant armour {unknown}
 y - a scroll of fear {unknown}
 A - a scroll of remove curse {unknown}
Potions
 d - a potion of might
 g - a potion of flight {unknown}
 k - a potion of resistance {unknown}
 n - 5 potions of curing {unknown}
 o - a potion of magic {unknown}
 p - 2 potions of stabbing {unknown}
 t - a potion of ambrosia {unknown}
 v - a potion of invisibility {unknown}
 B - 2 potions of heal wounds {unknown}


   Skills:
 * Level 5.0 Fighting
 * Level 7.1 Maces & Flails
 + Level 4.9 Armour
 + Level 1.5 Dodging
 + Level 0.1 Stealth
 + Level 5.3 Shields


You had 7 spell levels left.
You didn't know any spells.
Your spell library was empty.

Dungeon Overview and Level Annotations

Branches:
Dungeon (6/15)             Temple (0/1) D:6

Altars:
Ashenzari
Dithmenos
Makhleb
Nemelex Xobeh
Qazlal
Trog
Vehumet
Wu Jian
Yredelemnul


Innate Abilities, Weirdness & Mutations

You are resistant to torment.
Your stone body is resilient. (AC +5)
You are immune to poison.
You resist negative energy. (rN+)
You are resistant to electric shocks. (rElec)
You can survive without breathing.
You are immune to petrification.
You are immune to rotting.


Message History

The orc hits you but does no damage.
You barely miss the orc priest. You block the orc's attack.
The orc priest closely misses you. The orc hits you but does no damage.
You block the orc's attack.
You hit the orc priest.
The orc priest is moderately wounded.
The orc priest mumbles some strange prayers to Beogh against you.
Beogh smites you! The orc hits you but does no damage.
You block the orc's attack.
You closely miss the orc priest.
The orc priest is moderately wounded.
The orc priest hits you but does no damage.
You block the orc's attack. The orc hits you but does no damage.
You sock the orc priest!
The orc priest is severely wounded.
The orc priest invokes the aid of Beogh against you.
Beogh smites you! The orc barely misses you. You block the orc's attack.
The orc priest calls down the wrath of Beogh upon you.
Beogh smites you!
You die...

......#...≈§≈.>≈§≈ #.#
...........≈§.§≈≈≈§≈.#
#.####.#
.........≈.§§§≈§≈§≈.§#
#......#
.....##..≈≈≈≈§≈≈≈..§.
#.####..
##.####....≈≈≈≈..... #.#
#.# #....§≈...... #.#
#.# #........... .##
###..
##.#######..####o##...##
.......
...#(......#####@o.....#
.####..
.###.#####......)o......
####.# .# #.#
#########.....# .....#
.# #.# #...## #... .#
#.# ...$. #..#. .# #.#
.##. ...#. .###.## # #.
.##...####.## ##
.>..#........ #.


You could see an orc priest and 2 orcs.

Vanquished Creatures
  An orc warrior (D:6)
  An ice beast (D:5)
  3 ogres
  3 howler monkeys
  2 hounds
  3 orc wizards (D:6)
  A bullfrog skeleton (D:5)
  2 centaur skeletons
  An orc priest (D:6)
  Terence (D:3)
  An iguana (D:5)
  A worker ant zombie (D:6)
  8 adders
  6 gnolls
  An ufetubus (D:6)
  An ooze (D:1)
  An adder skeleton (D:6)
  A worm (D:3)
  4 dart slugs
  A leopard gecko (D:1)
  5 orcs
  4 giant cockroaches
  7 goblins
  9 hobgoblins
  8 jackals
  3 quokkas
  A ball python (D:2)
  9 bats
  3 frilled lizards
  A jackal zombie (D:5)
  7 kobolds
  5 rats
105 creatures vanquished.

Vanquished Creatures (others)
  A dart slug (D:2)
1 creature vanquished.

Grand Total: 106 creatures vanquished

Notes
Turn   | Place    | Note
-------+----------+-------------------------------------------
     0 | D:1      | oldriver the Gargoyle Fighter began the quest for the Orb.
     0 | D:1      | Reached XP level 1. HP: 14/14 MP: 1/1
    26 | D:1      | Reached XP level 2. HP: 13/19 MP: 2/2
   560 | D:1      | Reached XP level 3. HP: 23/23 MP: 3/3
   802 | D:2      | Reached XP level 4. HP: 25/28 MP: 4/4
   900 | D:2      | Reached skill level 3 in Maces & Flails
  1181 | D:2      | Found a radiant altar of Vehumet.
  1867 | D:3      | Found a sparkling altar of Nemelex Xobeh.
  1929 | D:3      | Reached XP level 5. HP: 32/32 MP: 5/5
  1980 | D:3      | Noticed Terence
  1993 | D:3      | Killed Terence
  2551 | D:4      | Got an ancient chain mail
  2562 | D:4      | Identified the +5 chain mail "Ituiw" {Slay+3 SInv} (You
                  | found it on level 4 of the Dungeon)
  2637 | D:4      | Found a bloodstained altar of Trog.
  2682 | D:4      | Found a burning altar of Makhleb.
  2682 | D:4      | Noticed a cacodemon
  2689 | D:4      | Noticed an orange demon
  2689 | D:4      | Noticed an orange demon
  2691 | D:4      | Became a worshipper of Makhleb the Destroyer
  2769 | D:4      | Found a broken altar of Ashenzari.
  2831 | D:4      | Noticed an ogre
  2839 | D:4      | Killed an ogre
  2839 | D:4      | Reached skill level 4 in Maces & Flails
  2839 | D:4      | Reached skill level 1 in Dodging
  2839 | D:4      | Reached XP level 6. HP: 30/38 MP: 6/6
  2927 | D:4      | Found a basalt altar of Yredelemnul.
  3197 | D:5      | Entered Level 5 of the Dungeon
  3220 | D:5      | Found a shadowy altar of Dithmenos.
  3473 | D:5      | Reached skill level 5 in Maces & Flails
  3483 | D:5      | Reached XP level 7. HP: 16/43 MP: 7/7
  3673 | D:5      | Found an ornate altar of the Wu Jian Council.
  4486 | D:6      | Reached skill level 6 in Maces & Flails
  4612 | D:6      | Reached skill level 5 in Shields
  4623 | D:6      | Reached XP level 8. HP: 40/48 MP: 8/8
  4643 | D:6      | Reached * piety under Makhleb
  4829 | D:6      | Reached skill level 5 in Fighting
  4829 | D:6      | Reached skill level 7 in Maces & Flails
  4858 | D:6      | Found a staircase to the Ecumenical Temple.
  5060 | D:6      | Found a stormy altar of Qazlal.
  5086 | D:6      | Killed from afar by an orc priest

Illustrated notes

Levels and vault maps discovered:
D:1:      lightli_arrival_statuegarden, layout_basic
D:2:      layout_basic, fiery_altar_vehumet
D:3:      layout_loops_cross, overflow_temple_1_default, uniq_terence
D:4:      kennysheep_big_flooded_room, layout_loops_cross,
          makhleb_altar_promises_db, yredelemnul_altar_generic,
          ashenzari_altar_1, bloody_trog
D:5:      layout_loops_corners, nicolae_dithmenos_through_a_glass_darkly,
          kennysheep_mini_moat
D:6:      layout_loops_ring, nicolae_ru_the_path_less_chosen,
          nicolae_qazlal_general_emergency, minmay_temple_entry_arrows,
          minmay_quadrilaterals

Skill      XL: |  1  2  3  4  5  6  7  8 |
---------------+-------------------------+-----
Maces & Flails | 3 4 5 6 7 |  7.1
Shields        | 4 5 |  5.3
Armour         | 4 |  4.9
Dodging        | 1 |  1.5
Fighting       | 4 5 |  5.0
Stealth        | |  0.1

Action                   |  1- 3 |  4- 6 |  7- 9 || total
-------------------------+-------+-------+-------++-------
Melee: Flail             |    92 |   173 |   166 ||   431
Armor: Scale mail        |    49 |    81 |       ||   130
       Chain mail        |       |    22 |   126 ||   148
Dodge: Dodged            |    31 |    46 |    48 ||   125
Block: Kite shield       |    50 |   125 |    89 ||   264

Table legend: (Time is in decaauts)
 A = Elapsed time spent in this place.
 B = Non-inter-level travel time spent in this place.
 C = Inter-level travel time spent in this place.
 D = Time resting spent in this place.
 E = Time spent auto-exploring this place.
 F = Levels seen in this place.
 G = Mean time per level.
                   A        B        C        D        E       F      G
               +--------+--------+--------+--------+--------+-----+--------+
         Total |   5193 |   5026 |    167 |    594 |   3504 |   6 |  865.5 |
       Dungeon |   5193 |   5026 |    167 |    594 |   3504 |   6 |  865.5 |
               +--------+--------+--------+--------+--------+-----+--------+

Top non-repeatable levels by time:
     D:5: 1282 daAuts
     D:2: 1158 daAuts
     D:1: 755 daAuts
     D:4: 684 daAuts
     D:3: 670 daAuts
     D:6: 642 daAuts
